 Dungeon Crawl Stone Soup version 0.29-a0-320-g9f8742066b (webtiles) character file.

Game seed: 11479398903705600763

228 experimilk the Cudgeller (level 5, -1/40 HPs)
             Began as a Palentonga Warper on Apr 3, 2022.
             Killed from afar by Natasha (4 damage)
             ... with a magic dart
             ... on level 3 of the Dungeon.
             The game lasted 00:09:10 (3314 turns).

experimilk the Cudgeller (Palentonga Warper)        Turns: 3314, Time: 00:09:11

Health: -1/40      AC:  5    Str: 15    XL:     5   Next: 70%
Magic:  8/8        EV:  9    Int: 15    God:
Gold:   129        SH:  5    Dex:  9    Spells: 3/8 levels left

rFire   . . .      SeeInvis +   c - +0 broad axe
rCold   . . .      Faith    .   (no shield)
rNeg    . . .      Spirit   .   b - +0 leather armour
rPois   .          Reflect  +   r - +0 helmet
rElec   .          Harm     .   (no cloak)
rCorr   .          Rampage  .   (no gloves)
Will    .....                   (no barding)
Stlth   +.........              f - amulet of reflection
HPRegen 0.13/turn               (no ring)
MPRegen 0.11/turn               (no ring)

@: slowed, very slow
A: large, rugged brown scales 3, see invisible, deformed body, roll 1, armoured
tail
a: Rolling Charge


You were on level 3 of the Dungeon.
You visited 1 branch of the dungeon, and saw 3 of its levels.

You collected 129 gold pieces.

Inventory:

Hand Weapons
 a - a +0 mace
 c - a +0 broad axe (weapon)
 g - a +4 mace
Missiles
 d - 5 boomerangs of dispersal
 l - 91 stones
 n - 2 poisoned darts (quivered)
Armour
 b - a +0 leather armour (worn)
 r - a +0 helmet (worn)
Jewellery
 f - an amulet of reflection (around neck)
 j - an amulet of magic regeneration
Wands
 s - a wand of iceblast (8)
Scrolls
 i - a scroll of noise {unknown}
 k - a scroll of enchant armour {unknown}
 m - 2 scrolls of fear {unknown}
 u - a scroll of brand weapon {unknown}
 v - a scroll of identify
 w - a scroll of amnesia {unknown}
Potions
 e - a potion of invisibility
 h - a potion of brilliance
 o - a potion of ambrosia {unknown}
 p - a potion of curing {unknown}
 q - a potion of degeneration {unknown}
 t - a potion of mutation {unknown}


   Skills:
 - Level 2.0 Fighting
 + Level 3.4(4.6) Axes
 - Level 4.7(5.3) Maces & Flails
 - Level 0.6 Throwing
 - Level 0.7 Armour
 - Level 1.5 Dodging
 - Level 2.0 Spellcasting
 - Level 3.0 Translocations


You had 3 spell levels left.
You knew the following spells:

 Your Spells              Type           Power      Damage    Failure   Level
a - Blink                 Tloc           20%        N/A       12%         2
b - Gell's Gravitas       Tloc           10%        N/A       24%         3

Your spell library contained the following spells:

 Spells                   Type           Power      Damage    Failure   Level
 Lesser Beckoning         Tloc           10%        N/A       24%         3
 Teleport Other           Tloc           10%        N/A       24%         3
 Manifold Assault         Tloc           10%        N/A       91%         5


Dungeon Overview and Level Annotations

Branches:
Dungeon (3/15)

Altars:

Annotations:
D:3 Natasha


Innate Abilities, Weirdness & Mutations

You are completely covered in rugged brown scales. (AC +3, +7% HP)
You have supernaturally acute eyesight. (SInv)
Armour fits poorly on your strangely shaped body.
You can roll at nearby foes to attack.
You have a long armoured tail.


Message History

The hobgoblin hits you but does no damage.
Natasha stares at you and mumbles some strange words.
You feel yourself slow down.
You closely miss Natasha.
Natasha is heavily wounded.
You closely miss the hobgoblin. You slash the ball python!
You kill the ball python!
You block Natasha's attack. The hobgoblin hits you. Natasha claws you.
* * * LOW HITPOINT WARNING * * *
The hobgoblin hits you but does no damage.
You slash Natasha!
You kill Natasha!
Natasha screams in fury as she dies!
You slash the hobgoblin!
You kill the hobgoblin!
You feel stable enough to blink again.
You start resting.
Natasha, Servant of Life and Death comes into view.
She is carrying a wand of flame (11).
Roll where?
Press: ? - help, Dir - move target, f - Natasha
Aim: Natasha, carrying a wand of flame (11)
You roll forward with a clatter of scales!
You completely miss Natasha. Natasha casts a spell at you.
The magic dart hits you!
* * * LOW HITPOINT WARNING * * *
Natasha barely misses you.
You completely miss Natasha.
Natasha zaps a wand.
The puff of flame reflects off an invisible shield around you!
The puff of flame hits Natasha!
Natasha stares at you and mumbles some strange words.
You resist with some effort.
You hit Natasha.
Natasha is almost dead.
Natasha howls an incantation.
Natasha's front paws start to glow.
Natasha claws you but does no damage.
Natasha stares at you and mumbles some strange words.
The magic dart hits you.
You die...

#....##########.....###..
#.......# ##..........
###....##.## ##..#........
............# #...#....#....
..........#.##..#....#.#....
.......#†............#[#....
.......!.!..................
.......##..>##....#.##.#....
....... #..@##..###.##.#####
#
##..........h....#..##...>..
#
#.....#...........##[....##
.. #....
##..........#.......# # . ..
....................# #.. .
....................# .. ###
......................
.##...
..............#........
.....#
.......##.#####........


You could see Natasha.

Vanquished Creatures
  Ijyb (D:3)
  Natasha (twice) (D:3)
  2 orc wizards (D:3)
  A gnoll (D:2)
  3 adders (D:3)
  A worm (D:2)
  2 dart slugs
  2 orcs (D:3)
  2 endoplasms
  A giant cockroach (D:1)
  2 goblins
  12 hobgoblins
  4 quokkas
  10 ball pythons
  8 bats
  A frilled lizard (D:1)
  3 kobolds
  A rat (D:1)
58 creatures vanquished.

Notes
Turn   | Place    | Note
-------+----------+-------------------------------------------
     0 | D:1      | experimilk the Palentonga Warper began the quest for the
                  | Orb.
     0 | D:1      | Reached XP level 1. HP: 17/17 MP: 3/3
    15 | D:1      | Reached XP level 2. HP: 18/23 MP: 5/5
    79 | D:1      | Learned a level 2 spell: Blink
   175 | D:1      | Found a faded altar of an unknown god.
   518 | D:1      | Reached skill level 3 in Maces & Flails
  1177 | D:2      | Reached XP level 3. HP: 26/28 MP: 6/6
  1196 | D:2      | Learned a level 3 spell: Gell's Gravitas
  2099 | D:3      | Reached skill level 4 in Maces & Flails
  2128 | D:2      | Reached XP level 4. HP: 21/35 MP: 7/7
  2279 | D:3      | Noticed Ijyb
  2295 | D:3      | Killed Ijyb
  2821 | D:3      | Reached skill level 1 in Axes
  2839 | D:3      | Noticed Natasha
  2841 | D:3      | Reached XP level 5. HP: 14/40 MP: 3/8
  2845 | D:3      | Killed Natasha
  3293 | D:3      | Noticed Natasha
  3305 | D:3      | Killed Natasha
  3311 | D:3      | Noticed Natasha
  3314 | D:3      | Killed from afar by Natasha

Illustrated notes

Levels and vault maps discovered:
D:1:      ncdulo_wetmaze, layout_basic, shapermc_ecumenical_altar_totnotflames
D:2:      layout_loops_cross, minmay_misc_feat_enclosed
D:3:      layout_rooms, uniq_natasha, uniq_ijyb

Skill      XL: |  1  2  3  4  5 |
---------------+----------------+-----
Maces & Flails | 3 4 |  4.7
Axes           | 1 3 |  3.4
Fighting       | |  2.0
Throwing       | |  0.6
Armour         | |  0.7
Dodging        | |  1.5
Spellcasting   | |  2.0
Translocations | |  3.0

Action                   |  1- 3 |  4- 6 || total
-------------------------+-------+-------++-------
Melee: Mace              |    78 |    21 ||    99
       Tailslap          |     8 |     5 ||    13
       Broad axe         |       |    38 ||    38
       Punch             |       |     1 ||     1
Throw: Boomerang         |     2 |       ||     2
       Stone             |     1 |       ||     1
 Cast: Blink             |     1 |     2 ||     3
       Gell's Gravitas   |       |     1 ||     1
 Abil: Rolling Charge    |    21 |     8 ||    29
  Use: Scroll            |     3 |     1 ||     4
       Potion            |       |     1 ||     1
Armor: Leather armour    |    29 |    24 ||    53
Dodge: Dodged            |    30 |    27 ||    57
Block: Other             |    15 |    11 ||    26
       Reflection        |       |     1 ||     1

Table legend: (Time is in decaauts)
 A = Elapsed time spent in this place.
 B = Non-inter-level travel time spent in this place.
 C = Inter-level travel time spent in this place.
 D = Time resting spent in this place.
 E = Time spent auto-exploring this place.
 F = Levels seen in this place.
 G = Mean time per level.
                   A        B        C        D        E       F      G
               +--------+--------+--------+--------+--------+-----+--------+
         Total |   3365 |   3250 |    115 |   1609 |    788 |   3 | 1121.7 |
       Dungeon |   3365 |   3250 |    115 |   1609 |    788 |   3 | 1121.7 |
               +--------+--------+--------+--------+--------+-----+--------+

Top non-repeatable levels by time:
     D:2: 1559 daAuts
     D:1: 1107 daAuts
     D:3: 699 daAuts
